 Dungeon Crawl Stone Soup version 0.31.0-9-g3a7656b989 (webtiles) character file.

Game seed: 17720361495403244083

26 qw the Shooter (level 2, 0/16 HPs)
             Began as a Deep Elf Hunter on Feb 2, 2024.
             Succumbed to their own poison gas
             ... on level 2 of the Dungeon.
             The game lasted 00:00:02 (1265 turns).

qw the Shooter (Deep Elf Hunter)                    Turns: 1265, Time: 00:00:03

Health: 0/16       AC:  5    Str:  8    XL:     2   Next: 89%
Magic:  4/4        EV: 12    Int: 13    God:
Gold:   165        SH:  0    Dex: 18    Spells: 1/1 levels left

rFire   . . .        a - +0 shortbow
rCold   . . .        (shield currently unavailable)
rNeg    + . .        c - +0 leather armour
rPois   .            (no helmet)
rElec   .            h - +1 cloak
rCorr   .            (no gloves)
SInv    .            (no boots)
Will    .....        (no amulet)
Stlth   ++           i - ring of positive energy
HPRegen 0.22/turn    (no ring)
MPRegen 0.09/turn

%: no passive effects
@: lethally poisoned (0 -> -10)
A: no striking features
a: no special abilities


You were on level 2 of the Dungeon.
You visited 1 branch of the dungeon, and saw 2 of its levels.

You collected 165 gold pieces.


   Skills:
 - Level 1.5 Fighting
 + Level 6.6 Ranged Weapons
 - Level 2.4 Dodging
 - Level 1.2 Stealth


You had one spell level left.
You didn't know any spells.
Your spell library was empty.

Inventory:

Hand Weapons
 a - a +0 shortbow (weapon)
Armour
 c - a +0 leather armour (worn)
 h - a +1 cloak (worn)
Jewellery
 i - a ring of positive energy (left hand)
Potions
 e - a potion of heal wounds

Dungeon Overview and Level Annotations

Branches:
Dungeon (2/15)

Altars:


Message History

1258 ||| UPGRADING to ring of positive energy.
i - a ring of positive energy (left hand) Done exploring.
1259 ||| READING scroll labelled SEOLA GAYDIY.
Blink to where?
Press: ? - help, Dir - move target, f - you
As you read the scroll labelled SEOLA GAYDIY, it crumbles to dust.
It was a scroll of blinking.
Done exploring.
1260 ||| READING scroll labelled PEPLECEGOU.
As you read the scroll labelled PEPLECEGOU, it crumbles to dust.
It is a scroll of identify.
1260 ||| IDENTIFYING fuming amethyst potion
e - a potion of heal wounds Done exploring.
1261 ||| READING scroll labelled JAH ISUILA.
The air fills with toxic fumes!
As you read the scroll labelled JAH ISUILA, it crumbles to dust.
It was a scroll of poison.
Done exploring.
1262 ||| READING scroll labelled ETWYUL DOHUINT.
As you read the scroll labelled ETWYUL DOHUINT, it crumbles to dust.
You hear a loud clanging noise!
It was a scroll of noise.
Done exploring.
What level of the Dungeon? (default 2, ? - help) Sorry, I don't know how to get there.
Enter note:
Enter note:
Enter note:
Enter note:
Enter note:
Enter note: You are engulfed in poison gas.
You are lethally poisoned!
You feel very sick.
1264 ||| Stepping ~*~*~tactically~*~*~ (cloud).
You feel very sick.
There is a lethal amount of poison in your body!
You die...

#......#...........##.#
##..##................###
####..####.................
#>....................#####
#.#...#######........##
#....##~¤¤¤¤########.######
##.#.##¤.¤¤¤### #........
#.#.##~.#¤¤¤¤#####.#.#####
#.#.##¤¤¤@¤#.....#.#.#
#.#.##¤¤¤¤¤#####.#.#.#####
###.#[###########...........
#...#.# #............#####
#.###.# #.########.### #.#
#.# #.# #.# #.# #.# #.# #.#
#.# #.# #.# #.# #.#
#.#####.########.#


There were no monsters in sight!

Vanquished Creatures
  2 dart slugs (D:1)
  A goblin (D:2)
  2 hobgoblins (D:2)
  6 jackals (D:2)
  2 kobolds (D:2)
  A quokka (D:1)
  3 ball pythons
  3 rats (D:2)
20 creatures vanquished.

Notes
Turn   | Place    | Note
-------+----------+-------------------------------------------
     0 | D:1      | qw the Deep Elf Hunter began the quest for the Orb.
     0 | D:1      | Reached XP level 1. HP: 12/12 MP: 3/3
     0 | D:1      | 0 ||| qw: Version: 0.3-a-155-g5e7d8dd
     0 | D:1      | 0 ||| qw: Game counter: 601
     0 | D:1      | 0 ||| qw: Melee chars always use a shield: true
     0 | D:1      | 0 ||| qw: God list: Okawaru
     0 | D:1      | 0 ||| qw: Allow faded altars: false
     0 | D:1      | 0 ||| qw: Do Orc after clearing Dungeon:15 true
     0 | D:1      | 0 ||| qw: Do second Lair branch before Depths: true
     0 | D:1      | 0 ||| qw: Lair rune preference: random
     0 | D:1      | 0 ||| qw: Goals: Normal
     0 | D:1      | 0 ||| PLANNING D:1-11
   570 | D:1      | 570 ||| READING scroll labelled XASAZO ALLUNLO.
   570 | D:1      | 570 ||| ENCHANTING +0 shortbow.
   571 | D:1      | 571 ||| DROPPING scroll of butterflies.
   589 | D:2      | Reached XP level 2. HP: 16/16 MP: 4/4
   597 | D:2      | Reached skill level 6 in Ranged Weapons
   738 | D:2      | HP: 4/16 [ball python (3)]
  1252 | D:2      | 1252 ||| UPGRADING to +0 cloak.
  1257 | D:2      | 1257 ||| READING scroll of enchant armour.
  1257 | D:2      | 1257 ||| ENCHANTING +0 cloak.
  1258 | D:2      | 1258 ||| UPGRADING to ring of positive energy.
  1259 | D:2      | 1259 ||| READING scroll labelled SEOLA GAYDIY.
  1260 | D:2      | 1260 ||| READING scroll labelled PEPLECEGOU.
  1260 | D:2      | 1260 ||| IDENTIFYING fuming amethyst potion
  1261 | D:2      | 1261 ||| READING scroll labelled JAH ISUILA.
  1262 | D:2      | 1262 ||| READING scroll labelled ETWYUL DOHUINT.
  1264 | D:2      | 1264 ||| Stepping ~*~*~tactically~*~*~ (cloud).
  1264 | D:2      | HP: 3/16 [poisoned by you (poison gas)]
  1265 | D:2      | Succumbed to their own poison gas

Levels and vault maps discovered:
D:1:      minmay_arrival_loop, layout_loops_ring
D:2:      layout_loops_ring, kennysheep_generic_room_13

Skill      XL: |  1  2 |
---------------+-------+-----
Ranged Weapons | 6 |  6.6
Fighting       | |  1.5
Dodging        | |  2.4
Stealth        | |  1.2

Action                     || total
---------------------------++-------
   Fire: Shortbow          ||    68
    Use: Scroll            ||     6
 Armour: Leather armour    ||    16
  Dodge: Dodged            ||     9

Table legend:
 A = Non-vault XP
 B = Vault XP
 C = Vault XP percentage of total XP
 D = Non-vault monster count
 E = Vault monster count
 F = Vault count percentage of total count
                 A         B        C        D         E       F
            +---------+---------+-------+---------+---------+-------
      Total |      37 |       1 |   2.6 |      19 |       1 |   5.0
            +---------+---------+-------+---------+---------+-------
        D:1 |      11 |       0 |   0.0 |       4 |       0 |   0.0
        D:2 |      26 |       1 |   3.7 |      15 |       1 |   6.2
            +---------+---------+-------+---------+---------+-------
